 Dungeon Crawl Stone Soup version 0.31.0-32-g396128a36d (webtiles) character file.

Game seed: 7358772340479519437

147942 DifficultPete the Warrior (level 16, 0/157 HPs)
             Began as a Minotaur Fighter on Mar 21, 2024.
             Was the Champion of Makhleb.
             Slain by a redback (8 damage)
             ... on level 3 of the Spider Nest on Mar 23, 2024.
             The game lasted 00:52:08 (33663 turns).

DifficultPete the Warrior (Minotaur Fighter)       Turns: 33663, Time: 00:52:08

Health: 0/157      AC:  1    Str: 20 (27) XL:     16   Next: 93%
Magic:  26/26      EV: 12    Int:  1 (5)  God:    Makhleb [******]
Gold:   1850       SH: 18    Dex:  9 (12) Spells: 15/15 levels left

rFire   + . .        M - +4 demon whip (venom)
rCold   + . .        v - +0 kite shield
rNeg    . . .        F - +0 plate armour
rPois   +            w - +2 hat
rElec   .            H - +0 cloak
rCorr   .            (no gloves)
SInv    .            T - +2 pair of boots
Will    +....        l - amulet of reflection Stlth
                     P - ring of Voffon {rPois rF+ EV+5 Str+2}
HPRegen 0.46/turn    c - ring of protection from cold
MPRegen 0.20/turn

%: reflection
@: lethally poisoned (0 -> -22), corroded
A: horns 2, retaliatory headbutt, weak 1
a: Renounce Religion, Minor Destruction, Lesser Servant of Makhleb, Major
Destruction, Greater Servant of Makhleb


You were on level 3 of the Spider Nest.
You worshipped Makhleb.
Makhleb was exalted by your worship.
You visited 5 branches of the dungeon, and saw 27 of its levels.
You also visited: Sewer and Ice Cave.

You collected 2946 gold pieces.
You spent 1096 gold pieces at shops.

Inventory:

Hand Weapons
 M - a +4 demon whip of venom (weapon)
Missiles
 B - 3 throwing nets
Armour
 i - a +2 buckler
 v - a +0 kite shield (worn)
 w - a +2 hat (worn)
 F - a +0 plate armour (worn)
 H - a +0 cloak (worn)
 T - a +2 pair of boots (worn)
Jewellery
 b - the amulet "Anly" {Acrobat rPois rF+ Str-5 Dex+6}
   (You found it on level 11 of the Dungeon)

   [amulet of the acrobat]

   Acrobat:   It increases your evasion while moving and waiting.
   Str-5:     It affects your strength (-5).
   Dex+6:     It affects your dexterity (+6).
   rF+:       It protects you from fire.
   rPois:     It protects you from poison
 c - a ring of protection from cold (right hand)
 l - an amulet of reflection (around neck)
 x - a ring of flight
 y - a +6 ring of dexterity
 G - a +6 ring of intelligence
 I - a ring of protection from fire
 K - a ring of positive energy
 L - a ring of resist corrosion
 P - the ring of Voffon (left hand) {rPois rF+ EV+5 Str+2}
   (You bought it in a shop on level 9 of the Dungeon)

   [ring of evasion]

   EV+5:      It affects your evasion (+5).
   Str+2:     It affects your strength (+2).
   rF+:       It protects you from fire.
   rPois:     It protects you from poison
 U - a ring of positive energy
Wands
 h - a wand of flame (22)
 r - a wand of paralysis (17) (quivered)
 t - a wand of polymorph (15)
 D - a wand of roots (21)
 J - a wand of light (16)
 O - a wand of mindburst (16)
Scrolls
 d - 4 scrolls of enchant armour
 f - 9 scrolls of fear
 p - 2 scrolls of teleportation
 q - 2 scrolls of summoning
 C - 2 scrolls of blinking
 E - 3 scrolls of immolation
 Q - a scroll of fog
 R - a scroll of poison
 S - 3 scrolls of identify
 V - a scroll of silence
Potions
 a - 3 potions of ambrosia
 e - 3 potions of might
 g - 4 potions of resistance
 k - 6 potions of enlightenment
 m - 7 potions of curing
 n - a potion of heal wounds
 o - 3 potions of invisibility
 s - 3 potions of haste
 u - a potion of lignification
 z - a potion of mutation
 A - a potion of cancellation
 N - 2 potions of brilliance


   Skills:
 + Level 18.1 Fighting
 - Level 12.0 Maces & Flails
 + Level 18.1 Armour
 + Level 18.1 Shields
 + Level 14.7 Invocations


You had 15 spell levels left.
You didn't know any spells.
Your spell library contained the following spells:

 Spells                   Type           Power      Damage    Failure   Level
 Apportation              Tloc           0%         N/A       100%        1
 Foxfire                  Conj/Fire      0%         2x1d4     100%        1
 Freeze                   Ice            0%         1d3       100%        1
 Magic Dart               Conj           0%         1d3       100%        1
 Necrotise                Necr           0%         1d4       100%        1
 Slow                     Hex            0%         N/A       100%        1
 Sting                    Conj/Alch      0%         1d3       100%        1
 Summon Small Mammal      Summ           0%         N/A       100%        1
 Blink                    Tloc           0%         N/A       100%        2
 Call Imp                 Summ           0%         N/A       100%        2
 Jinxbite                 Hex            0%         N/A       100%        2
 Mercury Vapours          Alch/Air       0%         N/A       100%        2
 Confusing Touch          Hex            0%         N/A       100%        3
 Frozen Ramparts          Ice            0%         1d1       100%        3
 Hailstorm                Conj/Ice       0%         3d5       100%        3
 Mephitic Cloud           Conj/Alch/Air  0%         N/A       100%        3
 Sigil of Binding         Hex            0%         N/A       100%        3
 Tukima's Dance           Hex            0%         N/A       100%        3
 Vampiric Draining        Necr           0%         2d6       100%        3
 Volatile Blastmotes      Fire/Tloc      0%         2d10      100%        3
 Anguish                  Hex/Necr       0%         N/A       100%        4
 Brom's Barrelling Bould  Conj/Erth      0%         2d3       100%        4
 Cause Fear               Hex            0%         N/A       100%        4
 Dimensional Bullseye     Hex/Tloc       0%         N/A       100%        4
 Fulminant Prism          Conj/Alch      0%         3d5       100%        4
 Iskenderun's Mystic Bla  Conj/Tloc      0%         2d3       100%        4
 Leda's Liquefaction      Alch/Erth      0%         N/A       100%        4
 Passage of Golubria      Tloc           0%         N/A       100%        4
 Petrify                  Alch/Erth      0%         N/A       100%        4
 Alistair's Intoxication  Alch           0%         N/A       100%        5
 Fireball                 Conj/Fire      0%         3d3       100%        5
 Freezing Cloud           Conj/Ice/Air   0%         6-21      100%        5
 Iskenderun's Battlesphe  Conj           0%         2d6       100%        5
 Metabolic Englaciation   Hex/Ice        0%         N/A       100%        5
 Yara's Violent Unravell  Hex/Alch       0%         3d3       100%        5
 Conjure Ball Lightning   Conj/Air       0%         3x3d6     100%        6
 Plasma Beam              Fire/Air       0%         2x1d10    100%        6
 Starburst                Conj/Fire      0%         6d3       100%        6
 Enfeeble                 Hex            0%         N/A       100%        7
 Orb of Destruction       Conj           0%         9d5       100%        7


Dungeon Overview and Level Annotations

Branches:
Dungeon (15/15)            Temple (1/1) D:5            Lair (5/5) D:8
  Swamp (0/4) Lair:3       Spider (4/4) Lair:2        Slime (0/5) Lair:4
    Orc (2/2) D:11            Elf (0/3) Orc:2        Vaults (0/5) D:13
 Depths (0/4) D:15          Sewer (visited)           IceCv (visited)

Altars:
Ashenzari
Cheibriados
Dithmenos
Elyvilon
Fedhas
Gozag
Hepliaklqana
Kikubaaqudgha
Makhleb
Nemelex Xobeh
Okawaru
Qazlal
Ru
Sif Muna
Trog
Uskayaw
Vehumet
Wu Jian
Xom
Yredelemnul
Zin
The Shining One

Shops:
D:7 *[   D:9 =*=([   Orc:2 *[(?

Annotations:
D:3 3 runed translucent doors, exclusion: 3 doors, riffraff's ghost, amateur HOFi
D:4 exclusion: downstairs
D:7 1 exclusion, Jeremiah
D:12 2 transporters
D:14 exclusion: downstairs
D:15 exclusion: ice statue
Temple 2 transporters
Lair:1 exclusion: oklob plant
Lair:2 1 runed translucent door, exclusion: door, Wuvuatt's ghost, journeyman MiBe


Innate Abilities, Weirdness & Mutations

You have a pair of horns on your head.
You reflexively headbutt those who attack you in melee.
You are weak. (Str -2)


Message History

Your headbutt misses the entropy weaver.
The entropy weaver is severely wounded.
You block the redback's attack.
The entropy weaver hits you but does no damage.
The entropy weaver barely misses you.
You block the entropy weaver's attack. x2
The culicivora bites you!!
* * * LOW HITPOINT WARNING * * *
The culicivora draws strength from your injuries!
The culicivora bites you!
* * * LOW HITPOINT WARNING * * *
The culicivora draws strength from your injuries!
Unknown command.
You feel much better. The redback bites you!
* * * LOW HITPOINT WARNING * * *
The culicivora bites you but does no damage.
You block the culicivora's attack.
The entropy weaver casts a spell at you.
The entropic weave corrodes you! You block the redback's attack.
The culicivora chitters at the redback.
The redback's wounds heal themselves!
Unknown command.
Unknown command.
Okay, then.
Blink to where?
Press: ? - help, Dir - move target
As you read the scroll of blinking, it crumbles to dust.
The redback attacks as it pursues you! The redback closely misses you.
The entropy weaver casts a spell at you.
The entropic weave corrodes you! You block the redback's attack.
The redback attacks as it pursues you! The redback bites you!
* * * LOW HITPOINT WARNING * * *
You are lethally poisoned!
The redback poisons you! You block the redback's attack.
* * * LOW HITPOINT WARNING * * *
You feel extremely sick.
* * * LOW HITPOINT WARNING * * *
You feel extremely sick.
The entropy weaver points at you and mumbles some strange words.
The entropic weave corrodes you! The redback bites you!
You die...

#### ##.#...#..(#.....###
#..####.##.....#####.....#
##....#..#^....^#..#...#..#
#..##^..######..#.^###†##..
##.#####.#....##.#....#..##.
#####..# #####.##.^#...#..###.##
##.^....# #.#.#.#.###...#..#^#..#
#.##....###....##..#...##.##.#..#
.######.#..#.###@#######..#..#..#
## ###.#### ##s##..^#....##..# #
#.## #s.#...####.#.... ## ##.#
#..#..##..###.... .### ##.##
##B##.>...#...### ...#####^##
###s.....##^..#^. .#......##
####.##.###..##..... ###..^..#
###.#.#.###.#...#..... #######
#....###^#..#...#....#


You could see an entropy weaver (extremely poisoned), 2 culicivoras and a
redback.

Vanquished Creatures
  Arachne (Spider:2)
  2 emperor scorpions
  2 ghost moths
  2 spark wasps
  An ettin (D:15)
  A fire dragon (D:14)
  3 entropy weavers
  Erolcha (D:13)
  A ghost crab (Lair:3)
  4 hydras
  An ogre mage (D:15)
  3 catoblepae
  5 boulder beetles
  2 jorogumos (Spider:1)
  4 centaur warriors
  9 two-headed ogres
  A death knight (D:14)
  5 demonic crawlers
  4 orc high priests
  5 death yaks (Lair:5)
  A tengu warrior (D:14)
  An occultist (D:15)
  Amaemon (D:11)
  6 pharaoh ants
  A skyshark (Lair:4)
  5 orb spiders
  A spectral hydra (Lair:3)
  A deep elf archer (D:14)
  3 sun moths (Spider:3)
  2 steelbarb worms (Spider:3)
  A harpy (shapeshifter) (D:11)
  3 necromancers (D:15)
  6 deep elf pyromancers
  A deep elf zephyrmancer (D:12)
  6 orc sorcerers
  4 orc knights (Orc:2)
  Maurice (D:9)
  13 ugly things
  9 wolf spiders
  5 manticores
  4 cyclopes
  3 meliai (D:14)
  A moth of wrath (Spider:2)
  2 kobold blastminers (Orc:2)
  19 elephants
  6 centaur zombies (D:11)
  An orange demon (D:11)
  5 black mambas
  4 rime drakes
  4 gargoyles
  A torpor snail (Lair:2)
  An unseen horror (shapeshifter) (D:11)
  A kobold demonologist (D:13)
  12 cane toads
  11 komodo dragons
  A freezing wraith (D:14)
  A tengu conjurer (D:13)
  A queen bee (shapeshifter) (D:11)
  13 polar bears
  4 trolls
  6 hornets (Lair:5)
  15 tarantellas
  A meliai zombie (D:11)
  A raiju (shapeshifter) (D:15)
  12 blink frogs
  7 dream sheep
  15 slime creatures
  13 spriggans (Lair:5)
  2 vampires
  4 wraiths
  A hog (shapeshifter) (D:11)
  14 culicivoras
  15 jumping spiders
  2 wyverns
  2 water elementals (D:14)
  4 basilisks
  A fire elemental (D:8)
  55 yaks
  38 redbacks
  12 fire bats
  4 vampire mosquitoes (D:14)
  A warg (Orc:2)
  A spectral cane toad (Lair:3)
  A hell hound (D:8)
  Edmund (D:5)
  An acid dragon (D:11)
  Duvessa (D:7)
  23 orc warriors
  A spectral blink frog (Lair:3)
  21 water moccasins
  4 sky beasts
  2 ice beasts
  3 black bears
  2 laughing skulls (D:15)
  5 ogres
  A spectral rime drake (Lair:3)
  44 wolves
  3 boggarts (Lair:5)
  22 centaurs
  5 kobold brigands
  4 gnoll sergeants
  3 scorpions
  18 bullfrogs
  3 wights (D:8)
  Dowan (D:7)
  9 electric eels
  A howler monkey (D:11)
  2 lava snakes (D:8)
  A bombardier beetle (D:3)
  4 jellies (Lair:4)
  19 orc priests
  2 gnoll boudas
  2 boggart zombies (D:11)
  6 iguanas
  20 orc wizards
  2 howler monkey zombies (D:11)
  26 gnolls
  20 adders
  A river rat (Sewer)
  A shadow imp (D:7)
  3 white imps
  5 ribbon worms
  5 dart slugs
  96 orcs
  10 ball pythons
  10 endoplasms
  6 giant cockroaches
  8 goblins
  4 hobgoblins
  2 jackals (D:7)
  6 quokkas
  8 bats
  3 frilled lizards (D:1)
  23 kobolds
  17 rats
940 creatures vanquished.

Vanquished Creatures (collateral kills)
  A ghost moth (Spider:4)
  2 entropy weavers
  A skeletal warrior (D:14)
  A wolf spider (Spider:2)
  2 jumping spiders (Spider:2)
  A redback (Spider:4)
  An orc priest (D:11)
  An orc wizard (D:11)
  An orc (D:11)
11 creatures vanquished.

Vanquished Creatures (others)
  A shadow (D:12)
  A centaur (D:14)
  2 kobold brigands (Sewer)
  An orc priest (Orc:2)
  An orc wizard (Orc:2)
  A kobold (Sewer)
7 creatures vanquished.

Grand Total: 958 creatures vanquished

Notes
Turn   | Place    | Note
-------+----------+-------------------------------------------
     0 | D:1      | DifficultPete the Minotaur Fighter began the quest for the
                  | Orb.
     0 | D:1      | Reached XP level 1. HP: 19/19 MP: 0/0
   115 | D:1      | Reached XP level 2. HP: 25/27 MP: 1/1
   667 | D:1      | Reached XP level 3. HP: 33/33 MP: 2/2
   849 | D:1      | You fall into a shaft and drop 1 floor!
  1365 | D:2      | Reached XP level 4. HP: 35/41 MP: 3/3
  1743 | D:3      | Found a runed translucent gate.
  1744 | D:3      | Noticed riffraff's ghost (amateur HOFi)
  1827 | D:3      | Found a runed translucent gate.
  1827 | D:3      | Found a runed translucent gate.
  2007 | D:3      | Reached XP level 5. HP: 44/47 MP: 4/4
  2206 | D:3      | Found a white marble altar of Elyvilon.
  2243 | D:3      | Reached skill level 5 in Fighting
  2244 | D:3      | Reached skill level 5 in Armour
  2244 | D:3      | Reached skill level 5 in Shields
  2597 | D:4      | Reached XP level 6. HP: 42/56 MP: 5/5
  3660 | D:5      | Entered Level 5 of the Dungeon
  3715 | D:5      | Found a staircase to the Ecumenical Temple.
  3741 | Temple   | Found a transporter.
  3741 | Temple   | Found a transporter.
  3741 | Temple   | Found a transporter.
  3741 | Temple   | Found a transporter.
  3741 | Temple   | Entered the Ecumenical Temple
  3779 | Temple   | Became a worshipper of Makhleb the Destroyer
  3846 | D:5      | Found a sacrificial altar of Ru.
  4003 | D:5      | Noticed Edmund
  4008 | D:5      | Noticed an ice beast
  4017 | D:5      | Reached skill level 5 in Maces & Flails
  4017 | D:5      | Reached skill level 1 in Invocations
  4017 | D:5      | Reached XP level 7. HP: 62/62 MP: 6/6
  4028 | D:5      | Killed Edmund
  4274 | D:5      | Found a radiant altar of Vehumet.
  4282 | D:5      | Found a snail-covered altar of Cheibriados.
  4287 | D:5      | Found an iron altar of Okawaru.
  4294 | D:5      | Found a glowing silver altar of Zin.
  4299 | D:5      | Found a hide-covered altar of Uskayaw.
  4302 | D:5      | Found a shimmering blue altar of Sif Muna.
  4507 | D:6      | Reached XP level 8. HP: 62/71 MP: 8/8
  4558 | D:6      | Reached * piety under Makhleb
  4588 | D:6      | Found a glowing drain.
  4592 | Sewer    | Entered a sewer
  5554 | D:6      | Found a bloodstained altar of Trog.
  5778 | D:6      | Identified the +8 trident "Tewonaasa" {freeze, Str+3}
  5945 | D:7      | Reached ** piety under Makhleb
  5948 | D:7      | Found Etaubos's Assorted Antiques.
  6028 | D:7      | Bought a scroll of identify for 34 gold pieces
  6223 | D:7      | Found Gublav's Antique Armour Emporium.
  6269 | D:7      | Noticed Duvessa
  6271 | D:7      | Noticed Dowan
  6310 | D:7      | Killed Duvessa
  6311 | D:7      | Reached XP level 9. HP: 59/79 MP: 10/10
  6351 | D:7      | Killed Dowan
  6585 | D:7      | Noticed Jeremiah
  7184 | D:8      | Reached skill level 5 in Invocations
  7234 | D:8      | Reached *** piety under Makhleb
  7287 | D:8      | Noticed an elephant
  7311 | D:8      | Killed an elephant
  7312 | D:8      | Reached XP level 10. HP: 90/90 MP: 13/13
  7353 | D:8      | Found a staircase to the Lair.
  7353 | D:8      | Noticed an elephant
  7369 | D:8      | Killed an elephant
  7499 | D:8      | Found a blossoming altar of Fedhas.
  8674 | D:9      | Found a broken altar of Ashenzari.
  8687 | D:9      | Found Rowy's Jewellery Emporium.
  8719 | D:9      | Found Lugeov's Weapon Shop.
  8719 | D:9      | Found Deeruuq's Jewellery Shop.
  8724 | D:9      | Found Qaamn's Assorted Antiques.
  8746 | D:9      | Found Hisemag's Antique Armour Shop.
  8777 | D:9      | Reached **** piety under Makhleb
  9128 | D:9      | Found a basalt altar of Yredelemnul.
  9266 | D:9      | Found a shadowy altar of Dithmenos.
  9379 | D:9      | Noticed Maurice
  9391 | D:9      | Something stole 3 throwing nets
  9393 | D:9      | Killed Maurice
  9394 | D:9      | Reached skill level 10 in Fighting
  9394 | D:9      | Reached skill level 10 in Armour
  9394 | D:9      | Reached skill level 10 in Shields
  9576 | D:10     | Entered Level 10 of the Dungeon
  9622 | D:10     | Reached XP level 11. HP: 78/99 MP: 15/15
 10217 | D:10     | Reached ***** piety under Makhleb
 10242 | D:10     | Reached skill level 10 in Maces & Flails
 10513 | D:10     | Noticed a two-headed ogre
 10529 | D:10     | Killed a two-headed ogre
 10579 | D:10     | Identified the +2 leather armour of Tuts {Str+8}
 10619 | D:11     | Noticed a two-headed ogre
 10636 | D:10     | Killed a two-headed ogre
 10944 | D:11     | Found a staircase to the Orcish Mines.
 11028 | D:11     | Noticed a deep elf pyromancer
 11028 | D:11     | Noticed a deep elf pyromancer
 11074 | D:11     | Killed a deep elf pyromancer
 11098 | D:11     | Killed a deep elf pyromancer
 11413 | D:11     | Noticed a deep elf pyromancer
 11418 | D:11     | Killed a deep elf pyromancer
 11520 | D:11     | Noticed a deep elf pyromancer
 11528 | D:11     | Killed a deep elf pyromancer
 11759 | D:11     | Noticed a deep elf pyromancer
 11794 | D:11     | Killed a deep elf pyromancer
 11901 | D:11     | Noticed Amaemon
 11921 | D:11     | Killed Amaemon
 11922 | D:11     | Reached XP level 12. HP: 44/110 MP: 17/17
 12441 | D:11     | Identified the amulet "Anly" {Acrobat rPois rF+ Str-5
                  | Dex+6}
 12535 | D:11     | Found a basalt altar of Yredelemnul.
 12655 | D:11     | Noticed a boulder beetle
 12668 | D:11     | Killed a boulder beetle
 13263 | Lair:1   | Entered Level 1 of the Lair of Beasts
 13571 | Lair:1   | Found a frozen archway.
 13584 | IceCv    | Entered an ice cave
 13627 | IceCv    | Noticed a death yak
 14511 | Lair:2   | Reached XP level 13. HP: 118/119 MP: 19/19
 14523 | Lair:2   | Reached ****** piety under Makhleb
 14564 | Lair:2   | Found a runed translucent door.
 14656 | Lair:2   | Noticed Wuvuatt's ghost (journeyman MiBe)
 14963 | Lair:2   | Reached skill level 10 in Invocations
 15153 | Lair:2   | Found a hole to the Spider Nest.
 16922 | Lair:3   | Found a staircase to the Swamp.
 17420 | Lair:4   | Found a staircase to the Slime Pits.
 17761 | Lair:4   | Reached XP level 14. HP: 104/132 MP: 21/21
 18305 | D:9      | Bought the ring of Voffon {rPois rF+ EV+5 Str+2} for 876
                  | gold pieces
 18827 | Lair:5   | Entered Level 5 of the Lair of Beasts
 19599 | Lair:5   | Reached skill level 15 in Fighting
 19667 | Lair:5   | Reached skill level 15 in Armour
 19667 | Lair:5   | Reached skill level 15 in Shields
 21536 | D:12     | Found a shadowy altar of Dithmenos.
 21791 | D:12     | Found a transporter.
 21899 | D:12     | Found a transporter.
 22141 | D:13     | Found a hazy altar of Hepliaklqana.
 22255 | D:13     | Noticed Erolcha
 22267 | D:13     | Killed Erolcha
 22348 | D:13     | Reached XP level 15. HP: 122/141 MP: 23/23
 22669 | D:13     | Found a gate to the Vaults.
 24191 | D:14     | Found a stormy altar of Qazlal.
 24654 | D:15     | Entered Level 15 of the Dungeon
 24925 | D:15     | Found a staircase to the Depths.
 25871 | Orc:1    | Entered Level 1 of the Orcish Mines
 25973 | Orc:1    | Paralysed by an orc sorcerer for 2 turns
 26446 | Orc:2    | Entered Level 2 of the Orcish Mines
 26454 | Orc:2    | Found a staircase to the Elven Halls.
 27368 | Orc:2    | Gained mutation: You are weak. (Str -2) [a neqoxec]
 27371 | Orc:2    | Reached XP level 16. HP: 137/153 MP: 20/25
 27410 | Orc:2    | Found Kurchoe's General Store.
 27410 | Orc:2    | Found Vywnud's Magic Scroll Boutique.
 27412 | Orc:2    | Found Usocuic's Armour Shoppe.
 27412 | Orc:2    | Found Qejeute's Weapon Boutique.
 27543 | Orc:2    | Bought a scroll of silence for 104 gold pieces
 27543 | Orc:2    | Bought a scroll of enchant weapon for 82 gold pieces
 28080 | Spider:1 | Entered Level 1 of the Spider Nest
 29239 | Spider:2 | HP: 6/155 [entropy weaver (12)]
 29622 | Spider:2 | Noticed Arachne
 29643 | Spider:2 | Killed Arachne
 31089 | Spider:3 | Identified the +5 flail of the Holding Gods {venom, rElec}
 32793 | Spider:4 | Entered Level 4 of the Spider Nest
 33663 | Spider:3 | Slain by a redback

Illustrated notes

Levels and vault maps discovered:
D:1:      kennysheep_arrival_forest, layout_basic, minmay_stone_trees_medium
D:2:      layout_rooms, interstate_on_off
D:3:      layout_basic, lemuel_doored_altar, gammafunk_ghost_split
D:4:      layout_loops_corners, serial_rivers, chequers_serial_rivers_micro_e,
          chequers_serial_rivers_micro_b, chequers_serial_rivers_micro_d,
          chequers_serial_rivers_large_b
D:5:      layout_rooms, nicolae_ru_the_path_less_chosen,
          nicolae_overflow_hallway_of_the_gods, minmay_temple_entry_wispy,
          uniq_edmund
D:6:      layout_basic, trog_three_pillars_becter, gup_sewer_entry_spiral,
          solitary_fountain
D:7:      layout_cave_pools, serial_gnoll_camp, gnoll_camp_mini_shop,
          gnoll_camp_mini_shop, gnoll_camp_medium_01, gnoll_camp_mini_sergeant,
          dk_noncrumbling_2, wad_floor_pattern_1, kennysheep_generic_room_2,
          uniq_duvessa, uniq_jeremiah
D:8:      layout_loops_cross, lemuel_tele_altar, grunt_lair_entry_orc_guard_hut,
          palyth_stone_intersect, st_stairs_11, hangedman_incinerator
D:9:      layout_stronghold, mainiacjoe_overflow_brackets, lemuel_round_altar,
          old_standard_altar, serial_shops, shop, minmay_shop_grid_forest,
          uniq_maurice
D:10:     layout_roguey [special_room_orc], dreamdust_gnoll_shepherd
D:11:     dpeg_index_elf_rogue_hall, layout_basic, hiddenorc1_lemuel,
          nicolae_yredelemnul_corpse_copse, uniq_amaemon
D:12:     gammafunk_cloud_chamber, layout_basic, nicolae_dithmenos_shadow_blocks
D:13:     layout_loops_cross, hellmonk_vaults_attempted_burglary,
          worldfamousw_hep_ancestral_shrine, uniq_erolcha
D:14:     kennysheep_big_flooded_room, layout_irregular_city,
          nicolae_qazlal_scattered_showers, serial_column_ruins,
          column_ruins_columns_corner, column_ruins_open_medium_water,
          column_ruins_columns_straight, column_ruins_grid_4, bh_walls_and_bars
D:15:     hangedman_depths_entry_civil_slaughter, layout_basic,
          roderic_roman_lattice, gauntlet_entry_generic, minivault_16,
          solitary_fountain
Temple:   hellmonk_temple_divided_pantheon
Lair:1:   layout_cave_shapes, portal_ice_cave_rime, grunt_megastairs_3
Lair:2:   layout_cave_pods, nicolae_spider_entry_orb_guardian, enter_volcano_2,
          ebering_ghost_inner_flame, grunt_megastairs_5
Lair:3:   layout_cave_pods, nicolae_swamp_entry_spooky
Lair:4:   layout_concentric_octagons, nicolae_slime_entry_field_trip,
          minmay_stone_trees_large, st_stairs_12
Lair:5:   minmay_lair_end_enchanted_forest, layout_long_grid, lemuel_fruit_tree,
          serial_bayou_shore_a
Spider:1: layout_spider_delve, nicolae_spider_nooks_and_crannies
Spider:2: layout_spider_delve, uniq_arachne
Spider:3: layout_spider_delve
Spider:4: grunt_spider_rune_parallel, drop_trap, guppyfry_spider_mini_3
Orc:1:    layout_diamond_mine, serial_shops, nicolae_shop_just_a_little_nook
Orc:2:    grunt_orc_tribal_feast, layout_caves

Skill      XL: |  1  2  3  4  5  6  7  8  9 10 11 12 13 14 15 16 |
---------------+-------------------------------------------------+-----
Shields        | 4 5 6 7 8 10 11 12 14 15 16 18 | 18.1
Armour         | 4 5 6 7 8 10 11 12 14 15 16 18 | 18.1
Fighting       | 4 5 6 7 8 10 11 12 14 15 16 18 | 18.1
Maces & Flails | 3 4 5 6 8 9 11 12 | 12.0
Invocations    | 1 2 3 5 6 8 9 11 12 13 14 | 14.7

Action                     |  1- 3 |  4- 6 |  7- 9 | 10-12 | 13-15 | 16-18 || total
---------------------------+-------+-------+-------+-------+-------+-------++-------
  Melee: Flail             |   121 |   158 |   361 |       |       |       ||   640
         Headbutt          |    14 |    30 |    72 |   196 |   478 |   176 ||   966
         Hand axe          |       |       |    20 |    31 |       |       ||    51
         Whip              |       |       |       |   553 |       |       ||   553
         Demon whip        |       |       |       |   300 |  1792 |   698 ||  2790
  Throw: Throwing net      |       |       |       |       |     3 |       ||     3
 Invoke: Lesser Servant of |       |       |       |     2 |       |       ||     2
         Major Destruction |       |       |       |     1 |       |     1 ||     2
         Greater Servant o |       |       |       |       |     1 |     2 ||     3
  Evoke: Wand              |       |       |     2 |       |     3 |     2 ||     7
    Use: Scroll            |     4 |     5 |     5 |     9 |    11 |     7 ||    41
         Potion            |       |       |     1 |     6 |     1 |     4 ||    12
   Stab: Distracted        |       |       |       |     1 |       |       ||     1
         Petrified         |       |       |       |       |     5 |       ||     5
         Paralysed         |       |       |       |       |       |     1 ||     1
 Armour: Scale mail        |    62 |    97 |   196 |    16 |       |       ||   371
         Plate armour      |       |       |       |   521 |   873 |   441 ||  1835
  Dodge: Dodged            |    47 |    46 |    88 |   125 |   369 |   195 ||   870
  Block: Buckler           |    40 |    72 |       |       |   356 |    20 ||   488
         Reflection        |       |     9 |    27 |    41 |    23 |     6 ||   106
         Kite shield       |       |    43 |   326 |   719 |   708 |   647 ||  2443
